 Dungeon Crawl Stone Soup version 0.30-a0-40-gc6d0f036a7 (webtiles) character file.

Game seed: 13702725196723466599

6 flotson the Sneak (level 1, 0/18 HPs)
             Began as a Demonspawn Delver on Aug 29, 2022.
             Slain by a goblin
             ... wielding a +2 dagger of speed
             ... led by Robin
              (2 damage)
             ... on level 3 of the Dungeon.
             The game lasted 00:01:15 (539 turns).

flotson the Sneak (Demonspawn Delver)                Turns: 539, Time: 00:01:16

Health: 0/18       AC:  5    Str: 12    XL:     1   Next: 75%
Magic:  1/1        EV: 10    Int: 11    God:
Gold:   11         SH:  0    Dex: 14    Spells: 0/0 levels left

rFire   . . .      SeeInvis .    a - +0 hand axe
rCold   . . .      Faith    .    (no shield)
rNeg    . . .      Spirit   .    h - +0 ring mail
rPois   .          Reflect  .    (no helmet)
rElec   .          Harm     .    (no cloak)
rCorr   .          Rampage  .    (no gloves)
Will    .....                    (no boots)
Stlth   ++........               (no amulet)
HPRegen 0.06/turn                (no ring)
MPRegen 0.07/turn                (no ring)

@: hasted, very quick
A: no striking features
a: no special abilities


You were on level 3 of the Dungeon.
You visited 1 branch of the dungeon, and saw 4 of its levels.

You collected 11 gold pieces.

Inventory:

Hand Weapons
 a - a +0 hand axe (weapon)
Armour
 h - a +0 ring mail (worn)
Wands
 g - a wand of digging (3)
Scrolls
 c - a scroll of fog
 d - a scroll of poison {unknown}
 e - a scroll of amnesia {unknown}
Potions
 b - a potion of curing {unknown}
 i - a potion of degeneration {unknown}


   Skills:
 + Level 3.0 Fighting
 + Level 1.9 Axes
 + Level 0.3 Armour
 + Level 1.9 Dodging
 - Level 4.5 Stealth
 + Level 0.3 Evocations


You couldn't memorise any spells.
You didn't know any spells.
Your spell library was empty.

Dungeon Overview and Level Annotations

Branches:
Dungeon (5/15)
 Temple: D:4-7

Altars:

Shops:
D:5 (


Message History

The goblin barely misses you.
There is a stone staircase leading down here.
Unknown command.
The quokka barely misses you. The hobgoblin barely misses you.
The goblin barely misses you. The quokka barely misses you.
You climb downwards.
There is a stone staircase leading up here.
You hit the quokka.
The quokka is heavily wounded.
You hit the goblin but do no damage. You hit the hobgoblin.
The goblin hits you but does no damage. The hobgoblin hits you.
The quokka closely misses you. The goblin hits you but does no damage.
Unknown command.
Unknown command.
You closely miss the hobgoblin.
The hobgoblin is severely wounded.
You hit the quokka. You hit the goblin. The hobgoblin hits you.
The quokka barely misses you. The goblin barely misses you.
The goblin hits you with a +2 dagger of speed.
Unknown command.
You closely miss the quokka.
The quokka is almost dead.
You closely miss the hobgoblin. You hit the goblin.
The quokka bites you but does no damage.
The hobgoblin misses you.
The goblin hits you with a +2 dagger of speed.
The quokka bites you. The hobgoblin hits you.
* * * LOW HITPOINT WARNING * * *
You are too injured to fight recklessly!
Unknown command.
Okay, then.
Unknown command.
You feel yourself speed up. The goblin hits you but does no damage.
The quokka misses you. The goblin closely misses you. The hobgoblin misses you.
You hit the goblin but do no damage.
The goblin is heavily wounded.
You hit the hobgoblin. You hit the quokka.
You kill the quokka!
The goblin hits you with a +2 dagger of speed.
You die...

#...#####..# ##+#
##P..♣...#..#
##...##P..~~~~P...#
##.....♣♣.~~♣~~..P.#
##.....P...~~~~~~...#
#.........~~~~♣~P..P#
+.....P....~♣~~......
#.....♣....♣.P..♣..##
#....@........P##.#
##..g[g.....#### .#
##...####### ##+##


You could see a hobgoblin and a goblin.

Vanquished Creatures
  3 ball pythons
  A bat (D:3)
  An endoplasm (D:3)
  A quokka (D:3)
6 creatures vanquished.

Vanquished Creatures (others)
  2 plants (D:3)
2 creatures vanquished.

Grand Total: 8 creatures vanquished

Notes
Turn   | Place    | Note
-------+----------+-------------------------------------------
     0 | D:5      | flotson the Demonspawn Delver began the quest for the Orb.
     0 | D:5      | Reached XP level 1. HP: 18/18 MP: 1/1
    35 | D:5      | Found Ruejuf's Weapon Boutique.
    41 | D:5      | Noticed a scorpion
    67 | D:4      | Noticed an iguana
    67 | D:4      | Noticed a hound
   539 | D:3      | Slain by a goblin

Illustrated notes

Levels and vault maps discovered:
D:2:      layout_basic, uniq_robin
D:3:      layout_loops_corners, serial_shops,
          nicolae_shop_temple_entry_statues_fountains, serial_bayou_pond_a,
          minmay_lizard_king, uniq_grinder
D:4:      layout_basic, mainiacjoe_overflow_small_starburst,
          minmay_misc_feat_rugged, nicolae_elemental_shop,
          minmay_misc_feat_diagonals, st_stairs_5,
          hangedman_abyss_or_decor_lesser_grid
D:5:      layout_cave_pools, serial_shops, nicolae_shop_bloodbath_and_beyond

Action                   || total
-------------------------++-------
Melee: Hand axe          ||    17
  Use: Scroll            ||     2
       Potion            ||     1
Armor: Ring mail         ||    17
Dodge: Dodged            ||    32

Table legend: (Time is in decaauts)
 A = Elapsed time spent in this place.
 B = Non-inter-level travel time spent in this place.
 C = Inter-level travel time spent in this place.
 D = Time resting spent in this place.
 E = Time spent auto-exploring this place.
 F = Levels seen in this place.
 G = Mean time per level.
                   A        B        C        D        E       F      G
               +--------+--------+--------+--------+--------+-----+--------+
         Total |    546 |    546 |      0 |    223 |    180 |   4 |  136.5 |
       Dungeon |    546 |    546 |      0 |    223 |    180 |   4 |  136.5 |
               +--------+--------+--------+--------+--------+-----+--------+

Top non-repeatable levels by time:
     D:3: 421 daAuts
     D:5: 67 daAuts
     D:2: 39 daAuts
     D:4: 18 daAuts
